AoeStats
← Griff

Hideout

509772778Analyzed
1v1 RM · 3d ago on Sep 28, 2026· 39m 21s· 2 players
Game mode
Random Map
Map size
Tiny (2 player)
Population
200
Speed
Normal
Resources
Standard
Victory
Conquest
Starting age
Dark Age
Ending age
Imperial Age
RankedLock teamsTeams togetherTeam positionsShared explorationLock speedFull tech treeHidden civsTurbo modeCheats
Victory
Defeat
🇦🇷 Hindustanis · Argentina
1355
+16
🇧🇷 Burmese · Brazil
1364
-16
tripl3
10:00 Feudal Age
13:42 Castle Age
11:51 Horse Collar
12:32 Double-Bit Axe
14:51 Bow Saw
18:16 Wheelbarrow
18:57 Loom
19:42 Fletching
21:42 Bodkin Arrow
22:45 Elite Skirmisher
23:54 Ballistics
24:29 Padded Archer Armor
33:19 Hand Cart
37:03 Imperial Age
35:59 Leather Archer Armor
36:33 Scale Mail Armor
36:46 Forging
36:41 Grand Trunk Road
37:10 Scale Barding Armor
38:58 Chemistry
38:19 Husbandry
38:30 Bloodlines
38:37 Siege Engineers
38:56 Conscription
39:12 Chain Mail Armor
Griff
10:32 Feudal Age
10:38 Feudal Age
14:55 Castle Age
17:08 Fervor
20:14 Padded Archer Armor
23:42 Fletching
24:25 Town Watch
24:25 Loom
25:03 Redemption
30:56 Bodkin Arrow
35:24 Imperial Age
Connection lost

Rejoining the realm…

Still unreachable

The connection could not be restored.

Session expired

The server has moved on; the page needs a fresh start.